 Dungeon Crawl Stone Soup version 0.17-a0-483-g810ce3f (webtiles) character file.

1127 McCoppin the Covert (level 8, -4/37 HPs)
             Began as a Spriggan Assassin on Apr 8, 2015.
             Was a Believer of Dithmenos.
             Slain by an orc warrior
             ... wielding a +0 trident
              (17 damage)
             ... on level 6 of the Dungeon on Apr 9, 2015.
             The game lasted 00:21:10 (5487 turns).

McCoppin the Covert (Spriggan Assassin)             Turns: 5487, Time: 00:21:10

Health: -4/37      AC:  5    Str:  7    XL:     8   Next: 13%
Magic:  9/9        EV: 17    Int: 12    God:    Dithmenos [**....]
Gold:   144        SH:  0    Dex: 20    Spells: 0 memorised, 7 levels left

rFire  . . .     SeeInvis +     u - -1 short sword (curse)
rCold  . . .     Clarity  .     v - +1 robe "Jaelos" {Regen+} (curse)
rNeg   . . .     SustAb   .     (shield restricted)
rPois  .         Gourm    .     (helmet restricted)
rElec  .         Spirit   .     d - +1 cloak
rCorr  .         Warding  .     (gloves unavailable)
rMut   .         Stasis   .     (boots unavailable)
MR     +....                    (no amulet)
Stlth  +++++++++.               (no ring)
                                (no ring)

@: wreathed by umbra, very quick, somewhat resistant to hostile enchantments,
incredibly stealthy
A: unfitting armour, see invisible, herbivore 3, speed 3, slow metabolism 2
a: Shadow Step, Renounce Religion


You were on level 6 of the Dungeon.
You worshipped Dithmenos.
Dithmenos was pleased with you.
You were hungry.

You visited 1 branch of the dungeon, and saw 6 of its levels.

You collected 280 gold pieces.
You spent 136 gold pieces at shops.

Inventory:

Hand weapons
 a - a +2 dagger
 b - a +0 blowgun
 u - a cursed -1 short sword (weapon)
Missiles
 e - 59 poisoned needles
Armour
 c - a +0 robe
 d - a +1 cloak (worn)
 v - the cursed +1 robe "Jaelos" (worn) {Regen+}
   (You bought it in a shop on level 6 of the Dungeon)

   It increases your rate of regeneration.
   It has a curse placed upon it.
Jewellery
 k - an uncursed ring of flight
 m - an uncursed ring of fire
 q - an uncursed ring of teleportation
Scrolls
 n - a scroll of recharging
Potions
 i - 2 potions of curing
 j - a potion of agility
 l - a potion of cure mutation
 o - a potion of brilliance {unknown}
 p - a potion of lignification {unknown}
 s - a potion of might
 t - a potion of haste {unknown}
Books
 f - a book of Ice

   Spells                             Type                      Level
   a - Ice Form                       Ice/Transmutation            4
   b - Metabolic Englaciation         Hexes/Ice                    5
   c - Ozocubu's Refrigeration        Ice                          6
   d - Bolt of Cold                   Conjuration/Ice              6
   e - Freezing Cloud                 Conjuration/Ice/Air          6
   f - Simulacrum                     Ice/Necromancy               6
 r - a book of Enchantments

   Spells                             Type                      Level
   a - Cause Fear                     Hexes                        4
   b - Silence                        Hexes/Air                    5
   c - Deflect Missiles               Charms/Air                   6
   d - Haste                          Charms                       6
   e - Discord                        Hexes                        8
Comestibles
 g - 4 bread rations
 h - 11 fruits


   Skills:
 - Level 1.5 Fighting
 + Level 5.3 Short Blades
 - Level 2.1 Throwing
 - Level 1.5 Dodging
 * Level 13.7 Stealth


You had 7 spell levels left.
You didn't know any spells.

Dungeon Overview and Level Annotations

Branches:
Dungeon (6/15)
 Temple: D:4-7

Altars:
Dithmenos
Gozag
Nemelex Xobeh
Yredelemnul
Zin

Shops:
D:6 [


Innate Abilities, Weirdness & Mutations

You are tiny and cannot use many weapons and most armour.
You have supernaturally acute eyesight.
You are a herbivore.
You cover ground extremely quickly.
You need consume almost no food.


Message History

Found a stone staircase leading down.
Found a short runed staff.
The orc shouts!
Unknown command.
You swing at nothing.
You swing at nothing.
You swing at nothing.
The orc warrior misses you.
You hit the orc warrior.
The orc warrior is severely wounded.
The orc warrior misses you.
You hit the orc warrior but do no damage.
The orc warrior is severely wounded.
The orc warrior hits you with a trident!!
Ouch! That really hurt!
You hear a shout!
You barely miss the orc warrior.
The orc warrior is severely wounded.
The orc warrior hits you from afar with a trident!
You die...

...................####..h...#
#########÷######....o....#.###
...######÷# ##..#####..#.#
##.....##.#####.....o.§!...#
.#####.##.......###.###.##.≈≈≈≈
.# #...<....##.)# #.# #.# .####
.# #........#..## #.. #.# # ..
.# #......#.....####.##.# .#
#......###.#.@# .#..# ##
#......# #.##.# ...## #......#
#.##o# .=. .......# #.##o# #
#......# #.##.# .#.## ..##.#
.................
.....##...##### #### #.....


You could see an orc warrior and an orc.

Vanquished Creatures
  Sigmund (D:2)
  2 sky beasts
  A centaur (D:5)
  A giant frog (D:6)
  A jelly (D:5)
  A goliath beetle (D:6)
  2 centaur zombies
  An orc priest (D:4)
  A hound (D:5)
  3 orc wizards
  A quasit (D:5)
  A gnoll shaman (D:5)
  An iguana (D:6)
  A worker ant (D:4)
  6 gnolls (D:5)
  3 adders
  A shadow imp (D:5)
  4 worms
  2 adder skeletons (D:5)
  3 giant geckos
  An ooze (D:1)
  13 orcs
  A ball python (D:2)
  13 bats
  6 giant cockroaches
  11 goblins
  5 hobgoblins
  7 jackals
  13 kobolds
  4 quokkas
  A giant gecko zombie (D:5)
  3 giant newts
  A quokka skeleton (D:5)
  6 rats
122 creatures vanquished.

Notes
Turn   | Place    | Note
--------------------------------------------------------------
     0 | D:1      | McCoppin, the Spriggan Assassin, began the quest for the Orb.
     0 | D:1      | Reached XP level 1. HP: 10/10 MP: 2/2
    20 | D:1      | Reached skill level 6 in Stealth
   348 | D:1      | Reached XP level 2. HP: 14/14 MP: 3/3
   643 | D:1      | Reached skill level 7 in Stealth
  1160 | D:2      | Reached XP level 3. HP: 11/18 MP: 4/4
  1406 | D:2      | Reached skill level 8 in Stealth
  1486 | D:2      | Noticed Sigmund
  1517 | D:2      | Found a shadowy altar of Dithmenos.
  1521 | D:2      | Killed Sigmund
  1521 | D:2      | Reached skill level 10 in Stealth
  1521 | D:2      | Reached XP level 4. HP: 22/22 MP: 5/5
  1521 | D:2      | Reached XP level 5. HP: 25/25 MP: 6/6
  1546 | D:2      | Became a worshipper of Dithmenos the Shadowed
  2406 | D:3      | Found a sparkling altar of Nemelex Xobeh.
  2407 | D:3      | Found an opulent altar of Gozag.
  2481 | D:3      | Reached XP level 6. HP: 7/30 MP: 7/7
  3166 | D:4      | Found a glowing silver altar of Zin.
  3261 | D:4      | Reached skill level 11 in Stealth
  3612 | D:5      | Entered Level 5 of the Dungeon
  3934 | D:5      | Reached skill level 12 in Stealth
  3934 | D:5      | Reached XP level 7. HP: 11/33 MP: 8/8
  4281 | D:5      | Acquired Dithmenos's first power
  4523 | D:5      | Reached skill level 13 in Stealth
  4964 | D:6      | Reached skill level 5 in Short Blades
  5182 | D:6      | Found a basalt altar of Yredelemnul.
  5206 | D:6      | Found Yvoacsas's Antique Armour Shoppe.
  5215 | D:6      | Reached XP level 8. HP: 37/37 MP: 9/9
  5219 | D:6      | Bought a creamy pearl robe for 136 gold pieces
  5219 | D:6      | Identified the cursed +1 robe "Jaelos" {Regen+} (You bought it in a shop on level 6 of the Dungeon)
  5487 | D:6      | Slain by an orc warrior

Action                   |  1- 3 |  4- 6 |  7- 9 || total
-------------------------+-------+-------+-------++-------
Melee: Dagger            |    84 |   179 |   131 ||   394
       Short sword       |       |       |    53 ||    53
 Fire: Blowgun           |     3 |    37 |    47 ||    87
  Use: Scroll            |       |     8 |     3 ||    11
       Potion            |       |     2 |     1 ||     3
 Stab: Sleeping          |    10 |    16 |     8 ||    34
       Distracted        |       |     1 |     4 ||     5
  Eat: Fruit             |       |       |     2 ||     2
